 Dungeon Crawl Stone Soup version 0.29.1-2-gbd0b4ee654 (webtiles) character file.

Game seed: 15622343863536892551

410 safid the Shooter (level 6, 0/57 HPs)
             Began as a Minotaur Hunter on Oct 26, 2022.
             Slain by Pikel
             ... wielding a +1 whip of freezing
              (1 damage)
             ... on level 4 of the Dungeon.
             The game lasted 00:04:15 (3039 turns).

safid the Shooter (Minotaur Hunter)                 Turns: 3039, Time: 00:04:16

Health: 0/57       AC:  3    Str: 15    XL:     6   Next: 58%
Magic:  5/5        EV: 12    Int:  6    God:
Gold:   195        SH:  0    Dex: 16    Spells: 5/5 levels left

rFire   . . .      SeeInvis .   a - +0 shortbow
rCold   . . .      Faith    .   (shield currently unavailable)
rNeg    . . .      Spirit   .   c - +0 leather armour
rPois   .          Reflect  .   (helmet restricted)
rElec   .          Harm     .   (no cloak)
rCorr   .          Rampage  .   (no gloves)
Will    .....                   (no boots)
Stlth   +.........              (no amulet)
HPRegen 0.19/turn               (no ring)
MPRegen 0.09/turn               (no ring)

@: no status effects
A: horns 2, retaliatory headbutt
a: no special abilities


You were on level 4 of the Dungeon.
You visited 1 branch of the dungeon, and saw 4 of its levels.

You collected 195 gold pieces.

Inventory:

Hand Weapons
 a - a +0 shortbow (weapon)
Missiles
 k - 4 silver javelins
Armour
 c - a +0 leather armour (worn)
Jewellery
 j - a ring of ice
 q - a ring of wizardry
Scrolls
 b - 2 scrolls of immolation
 e - a scroll of vulnerability {unknown}
 f - a scroll of poison {unknown}
 i - a scroll of silence {unknown}
 o - 5 scrolls of identify {unknown}
 r - a scroll of teleportation {unknown}
 s - a scroll of enchant weapon {unknown}
Potions
 g - a potion of resistance {unknown}
 h - a potion of degeneration {unknown}
 l - a potion of lignification {unknown}
 n - 3 potions of attraction
 p - a potion of invisibility {unknown}


   Skills:
 + Level 6.2 Fighting
 + Level 6.9 Ranged Weapons
 - Level 2.1 Dodging
 - Level 0.7 Stealth


You had 5 spell levels left.
You didn't know any spells.
Your spell library was empty.

Dungeon Overview and Level Annotations

Branches:
Dungeon (4/15)
 Temple: D:4-7

Altars:
Dithmenos
Fedhas
Wu Jian

Annotations:
D:4 Pikel


Innate Abilities, Weirdness & Mutations

You have a pair of horns on your head.
You reflexively headbutt those who attack you in melee.


Message History

Fire: a) +0 shortbow
Press: ? - help, Q - select action, (/) - cycle Shift-Dir - straight line, f/p - Pikel
Aim: Pikel, wielding a +1 whip of freezing and wearing a +0 robe (moderately wounded, 60% to hit)
You shoot an arrow.
The arrow hits Pikel but does no damage.
Pikel is moderately wounded.
Pikel completely misses you.
Fire: a) +0 shortbow
Press: ? - help, Q - select action, (/) - cycle Shift-Dir - straight line, f/p - Pikel
Aim: Pikel, wielding a +1 whip of freezing and wearing a +0 robe (moderately wounded, 60% to hit)
You shoot an arrow. The arrow hits Pikel!
Pikel is heavily wounded.
Pikel closely misses you.
A white imp comes into view.
The shadow imp grinds its teeth.
Fire: a) +0 shortbow
Press: ? - help, Q - select action, (/) - cycle Shift-Dir - straight line, f/p - Pikel
Aim: Pikel, wielding a +1 whip of freezing and wearing a +0 robe (heavily wounded, 60% to hit)
You shoot an arrow. The arrow closely misses Pikel.
The white imp shouts, "Bolt, thou quaking clapper-clawed cow!"
The arrow hits the lemure.
The lemure is heavily wounded.
Pikel hits you with a +1 whip of freezing!
* * * LOW HITPOINT WARNING * * *
Pikel freezes you.
* * * LOW HITPOINT WARNING * * *
Fire: a) +0 shortbow
Press: ? - help, Q - select action, (/) - cycle Shift-Dir - straight line, f/p - Pikel
Aim: Pikel, wielding a +1 whip of freezing and wearing a +0 robe (heavily wounded, 60% to hit)
You shoot an arrow.
The arrow hits Pikel but does no damage.
Pikel is heavily wounded.
Pikel hits you with a +1 whip of freezing.
* * * LOW HITPOINT WARNING * * *
Pikel freezes you.
* * * LOW HITPOINT WARNING * * *
Pikel hits you with a +1 whip of freezing.
* * * LOW HITPOINT WARNING * * *
Pikel freezes you.
You die...

#.## #.# #.#5#
.#########.###.#.#
...............#.##
##########.####..?#
#.# #5#5# ..# #55.#
#### ##5## #K# #@#
#.# #.# #"# #.# #.#
#.. #.#


You could see Pikel, 4 lemures and a shadow imp.

Vanquished Creatures
  Menkaure (D:4)
  A black bear (D:4)
  A phantom (D:3)
  Ijyb (D:2)
  An adder (D:2)
  An ufetubus (D:4)
  4 worms (D:2)
  4 dart slugs
  An orc (D:2)
  7 ball pythons
  6 bats
  7 endoplasms
  2 giant cockroaches
  3 goblins
  7 hobgoblins
  6 jackals
  9 kobolds
  4 quokkas
  4 frilled lizards
  2 rats
72 creatures vanquished.

Vanquished Creatures (others)
  A demonic plant (D:4)
1 creature vanquished.

Grand Total: 73 creatures vanquished

Notes
Turn   | Place    | Note
-------+----------+-------------------------------------------
     0 | D:1      | safid the Minotaur Hunter began the quest for the Orb.
     0 | D:1      | Reached XP level 1. HP: 18/18 MP: 0/0
    21 | D:1      | Found a faded altar of an unknown god.
    84 | D:1      | Reached XP level 2. HP: 25/25 MP: 1/1
   488 | D:1      | Reached XP level 3. HP: 31/31 MP: 2/2
   490 | D:1      | Reached skill level 5 in Ranged Weapons
  1266 | D:2      | Reached XP level 4. HP: 40/40 MP: 3/3
  1610 | D:3      | Noticed Ijyb
  1655 | D:2      | Killed Ijyb
  1969 | D:3      | Found a blossoming altar of Fedhas.
  2081 | D:3      | Found an ornate altar of the Wu Jian Council.
  2129 | D:3      | Found a shadowy altar of Dithmenos.
  2380 | D:3      | Noticed a phantom
  2389 | D:3      | Killed a phantom
  2390 | D:3      | Reached skill level 5 in Fighting
  2390 | D:3      | Reached XP level 5. HP: 18/48 MP: 4/4
  2850 | D:4      | Noticed Menkaure
  2856 | D:4      | Killed Menkaure
  2857 | D:4      | Reached XP level 6. HP: 57/57 MP: 5/5
  3014 | D:4      | Noticed Pikel
  3039 | D:4      | HP: 1/57 [Pikel/+1 whip of freezing (4)]
  3039 | D:4      | Slain by Pikel

Illustrated notes

Levels and vault maps discovered:
D:1:      lordsloth_arrival_two_stooges, layout_basic,
          ebering_ecumenical_altar_sacrificial
D:2:      layout_rooms
D:3:      layout_loops_ring, mainiacjoe_overflow_cross_hatched,
          nzn_wu_jian_contemplation, general_overflow_altar, uniq_ijyb
D:4:      layout_loops_ring, cheibriados_altar_1, serial_demonic,
          serial_demonic_f, serial_demonic_f, serial_demonic_b,
          serial_demonic_a, uniq_menkaure, uniq_pikel

Skill      XL: |  1  2  3  4  5  6 |
---------------+-------------------+-----
Fighting       | 3 4 5 6 |  6.2
Ranged Weapons | 5 6 |  6.9
Dodging        | |  2.1
Stealth        | |  0.7

Action                   |  1- 3 |  4- 6 || total
-------------------------+-------+-------++-------
Melee: Shortbow          |       |     1 ||     1
 Fire: Shortbow          |   105 |   135 ||   240
  Use: Potion            |       |     5 ||     5
Armor: Leather armour    |    12 |    11 ||    23
Dodge: Dodged            |    26 |    45 ||    71
